 Dungeon Crawl Stone Soup version 0.21-a0-615-g8e08f28 (webtiles) character file.

64 Firecrotchwizard the Chiller (level 3, -3/24 HPs)
             Began as a Demonspawn Ice Elementalist on Dec 22, 2017.
             Slain by a worker ant (6 damage)
             ... on level 3 of the Dungeon.
             The game lasted 00:06:44 (2732 turns).

Firecrotchwizard the Chiller (DsIE)                 Turns: 2732, Time: 00:06:45

Health: -3/24      AC:  2    Str:  8    XL:     3   Next: 91%
Magic:  1/6        EV: 12    Int: 17    God:
Gold:   131        SH:  0    Dex: 13    Spells: 2/6 levels left

rFire    . . .     SeeInvis .     - Unarmed
rCold    . . .     Gourm    .   (no shield)
rNeg     . . .     Faith    .   a - +0 robe
rPois    .         Spirit   .   (no helmet)
rElec    .         Reflect  .   (no cloak)
rCorr    .         Harm     .   (no gloves)
MR       .....                  (no boots)
Stlth    ++........             (no amulet)
HPRegen  0.08/turn              (no ring)
MPRegen  0.10/turn              (no ring)

@: lethally poisoned (-3 -> -11), very slightly contaminated, invisible
A: claws 1
a: no special abilities


You were on level 3 of the Dungeon.
You were not hungry.

You visited 1 branch of the dungeon, and saw 3 of its levels.

You collected 131 gold pieces.

Inventory:

Hand Weapons
 f - a +0 dagger of venom
   (You took it off a goblin on level 3 of the Dungeon)
Armour
 a - a +0 robe (worn)
 e - a +0 buckler
   (You found it on level 1 of the Dungeon)
Scrolls
 g - a scroll of teleportation
 i - 3 scrolls of remove curse
 m - 2 scrolls of identify
Potions
 d - a potion of ambrosia {unknown}
 h - 2 potions of flight
Books
 b - a book of Frost
 j - a book of Cantrips
   (You found it on level 3 of the Dungeon)
Comestibles
 c - 5 rations {@e1}
 l - 6 chunks of flesh {@w0}


   Skills:
 - Level 1.7 Dodging
 - Level 1.7 Stealth
 + Level 1.3 Unarmed Combat
 - Level 2.2 Spellcasting
   Level 1.0 Conjurations
 + Level 0.0 Charms
 * Level 3.9 Ice Magic


You had 2 spell levels left.
You knew the following spells:

 Your Spells              Type           Power        Failure   Level  Hunger
a - Freeze                Ice            ###.         3%          1    #......
A - Ozocubu's Armour      Chrm/Ice       #.......     26%         3    ###....


Dungeon Overview and Level Annotations

Branches:
Dungeon (3/15)

Altars:

Annotations:
D:3 Robin


Innate Abilities, Weirdness & Mutations

You have sharp fingernails.


Message History

A rat comes into view.
Okay, then.
Unknown command.
The rat closely misses you.
You scratch the rat.
You kill the rat!
No target in view!
A kobold comes into view. It is wielding a dagger.
A giant cockroach comes into view.
The kobold shouts!
The giant cockroach moves out of view.
You closely miss the kobold. The kobold hits you but does no damage.
You scratch the kobold. The kobold closely misses you.
You scratch the kobold. The kobold closely misses you.
You scratch the kobold but do no damage.
The kobold misses you.
You scratch the kobold.
You kill the kobold!
The giant cockroach barely misses you.
You scratch the giant cockroach. The giant cockroach closely misses you.
You scratch the giant cockroach but do no damage.
The giant cockroach misses you.
You scratch the giant cockroach.
You kill the giant cockroach!
No target in view!
You butcher the giant cockroach corpse.
l - 8 chunks of flesh {@w0} (gained 2)
A goblin comes into view. It is wielding a dagger.
The goblin shouts!
The goblin throws a stone.
The stone completely misses you.
You see here a stone.
A goblin is nearby!
The goblin throws a stone.
The stone barely misses you.
Some of the chunks of flesh in your inventory have rotted away.
The goblin throws a stone.
The stone closely misses you.
You see here a stone.
The goblin throws a stone.
The stone hits you.
You see here a stone.
You take 2 damage, and have 22/24 hp.
A worker ant and a giant cockroach come into view.
The goblin throws a stone.
The stone misses you.
The goblin throws a stone.
The stone barely misses you.
You see here a stone.
The goblin misses you.
You scratch the goblin but do no damage.
The goblin hits you with a dagger.
You take 4 damage, and have 18/24 hp.
The worker ant twitches its antennae in your direction.
You scratch the goblin but do no damage.
The giant cockroach bites you. The goblin closely misses you.
You take 1 damage, and have 17/24 hp.
You scratch the goblin but do no damage.
The giant cockroach bites you. The goblin hits you with a dagger.
You take 2 damage, and have 15/24 hp.
You barely miss the goblin. The giant cockroach barely misses you.
The goblin hits you with a dagger.
You take 1 damage, and have 14/24 hp.
You closely miss the goblin.
The giant cockroach bites you but does no damage.
The goblin hits you with a dagger.
You take 4 damage, and have 10/24 hp.
Aim: a giant cockroach You freeze the giant cockroach.
The giant cockroach bites you. The goblin barely misses you.
The giant cockroach closely misses you.
You take 2 damage, and have 8/24 hp.
You now have 5/6 mp.
The worker ant bites you.
* * * LOW HITPOINT WARNING * * *
The giant cockroach barely misses you.
The goblin throws a stone.
The stone hits you but does no damage.
You see here 2 stones.
You take 3 damage, and have 5/24 hp.
Aim: a worker ant You miscast Freeze.
You are very lightly contaminated with residual magic.
A chill runs through your body. The worker ant misses you.
You now have 4/6 mp.
You miscast Ozocubu's Armour.
Nothing appears to happen.
The worker ant misses you. The worker ant closely misses you.
You now have 1/6 mp.
You see here a dagger.
The worker ant bites you.
* * * LOW HITPOINT WARNING * * *
You take 1 damage, and have 5/24 hp.
Aim: a worker ant You freeze the worker ant.
The worker ant bites you.
* * * LOW HITPOINT WARNING * * *
You are lethally poisoned!
The worker ant poisons you!
You take 1 damage, and have 4/24 hp.
You now have 1/6 mp.
* * * LOW HITPOINT WARNING * * *
You feel sick.
You take 1 damage, and have 3/24 hp.
* * * LOW HITPOINT WARNING * * *
You feel sick.
You take 1 damage, and have 2/24 hp.
It was a potion of invisibility.
You fade into invisibility!
The worker ant bites you.
You die...

#..>..........................
#.............................
#.....#.#.#### ##...(.#
###.###.#.# #....#.#
#.###.#.### #....#(#
#.........# ####....#(#
####+##.#.# #.g..)....######
#......#.###.#.#.####(.....
#....###..@a.#.#.# #......
#....# #######.#.# #......
#....# #.#.. ....... #....#
#.### #....... #....# ...
#....... ###### ..# ##.#####
... ###


You could see a worker ant and a goblin.

Vanquished Creatures
  2 adders
  3 dart slugs
  A worm (D:2)
  2 leopard geckos (D:1)
  2 bats (D:1)
  2 giant cockroaches
  10 goblins
  3 hobgoblins
  3 kobolds
  3 frilled lizards
  4 rats
35 creatures vanquished.

Notes
Turn   | Place    | Note
-------+----------+-------------------------------------------
     0 | D:1      | Firecrotchwizard the Demonspawn Ice Elementalist began the quest for the Orb.
     0 | D:1      | Reached XP level 1. HP: 13/13 MP: 3/3
    88 | D:1      | Reached skill level 3 in Ice Magic
   293 | D:1      | Gained mutation: You have sharp fingernails. [demonic ancestry]
   293 | D:1      | Reached XP level 2. HP: 19/19 MP: 3/5
  1267 | D:2      | Reached XP level 3. HP: 20/24 MP: 3/6
  1409 | D:2      | Reached skill level 1 in Unarmed Combat
  2218 | D:3      | HP: 6/24 [poisoned by an adder]
  2454 | D:3      | Noticed Robin
  2655 | D:3      | Learned a level 3 spell: Ozocubu's Armour
  2717 | D:3      | HP: 5/24 [worker ant (3)]
  2727 | D:3      | HP: 5/24 [worker ant (1)]
  2731 | D:3      | HP: 2/24 [poisoned by a worker ant]
  2732 | D:3      | Slain by a worker ant

Vault maps used:
D:1:      ncdulo_lavacross
D:2:      first_ration, minmay_pentomino_z4
D:3:      uniq_robin

Skill      XL: |  1  2  3 |
---------------+----------+-----
Ice Magic      | 3 |  3.9
Unarmed Combat | 1 |  1.3
Dodging        | |  1.7
Stealth        | |  1.7
Spellcasting   | |  2.2
Conjurations   | |  1.0

Action                   || total
-------------------------++-------
Melee: Club              ||     5
       Unarmed           ||    85
 Cast: Freeze            ||    38
  Use: Scroll            ||     5
       Potion            ||     2
 Stab: Sleeping          ||     2
  Eat: Chunk             ||     3
       Ration            ||     1
Armor: Robe              ||    13
Dodge: Dodged            ||    84

Table legend:
 A = Spawn XP
 B = Non-spawn XP
 C = Spawn XP percentage of total XP
 D = Spawn monster count
 E = Non-spawn monster count
 F = Spawn count percentage of total count
 G = Total turns spent on level
                    A         B        C        D         E        F      G
               +---------+---------+-------+---------+---------+-------+---------
         Total |       0 |      92 |   0.0 |       0 |      35 |   0.0 |  2732
               +---------+---------+-------+---------+---------+-------+---------
           D:1 |       0 |      33 |   0.0 |       0 |      16 |   0.0 |  1110
           D:2 |       0 |      29 |   0.0 |       0 |       9 |   0.0 |  1076
           D:3 |       0 |      30 |   0.0 |       0 |      10 |   0.0 |   546
               +---------+---------+-------+---------+---------+-------+---------

Vault maps used:
D:1:      ncdulo_lavacross
D:2:      first_ration, minmay_pentomino_z4
D:3:      uniq_robin

Table legend:
 A = Turns spent in this place as a percentage of turns spent in the entire game.
 B = Non-inter-level travel turns spent in this place as a percentage of non-inter-level travel turns spent in the entire game.
 C = Inter-level travel turns spent in this place as a percentage of turns spent in this place.
 D = Turns resting spent in this place as a percentage of non-inter-level travel turns spent in this place.
 E = Turns spent auto-exploring this place as a percentage of non-inter-level travel turns spent in this place.
 F = Non-inter-level travel turns spent in this place divided by the number of levels of this place that you've seen.
                   A       B       C       D       E      F
               +-------+-------+-------+-------+-------+----------------------
         Total | 100.0 | 100.0 |   2.7 |  37.4 |  49.2 | 886.3
       Dungeon | 100.0 | 100.0 |   2.7 |  37.4 |  49.2 | 886.3
               +-------+-------+-------+-------+-------+----------------------

Table legend:
 A = Kills in this place as a percentage of kills in entire the game.
 B = Kills by you in this place as a percentage of kills by you in the entire game.
 C = Kills by friends in this place as a percentage of kills by friends in the entire game.
 D = Other kills in this place as a percentage of other kills in the entire game.
 E = Experience gained in this place as a percentage of experience gained in the entire game.
 F = Experience gained in this place divided by the number of levels of this place that you have seen.
                   A       B       C       D       E      F
               +-------+-------+-------+-------+-------+----------------------
         Total | 100.0 | 100.0 |   N/A |   N/A | 100.0 |  30.7
       Dungeon | 100.0 | 100.0 |   N/A |   N/A | 100.0 |  30.7
               +-------+-------+-------+-------+-------+----------------------
